 Dungeon Crawl Stone Soup version 0.29.0-13-gc9e81de378 (webtiles) character file.

Game seed: 3588861869773915606

14 Ofeo the Digger (level 2, 0/20 HPs)
             Began as a Meteoran Earth Elementalist on Sept 8, 2022.
             Slain by Terence
             ... wielding a +0 hand axe
              (4 damage)
             ... on level 2 of the Dungeon.
             The game lasted 00:01:05 (150 turns).

Ofeo the Digger (Meteoran Earth Elementalist)        Turns: 150, Time: 00:01:05

Health: 0/20       AC:  4    Str:  9    XL:     2   Next: 76%
Magic:  3/6        EV: 12    Int: 14    God:
Gold:   16         SH:  0    Dex: 14    Spells: 5/6 levels left

rFire   . . .      SeeInvis .   (no weapon)
rCold   . . .      Faith    .   (no shield)
rNeg    . . .      Spirit   .   a - +0 robe
rPois   .          Reflect  .   (no helmet)
rElec   .          Harm     .   c - +1 cloak
rCorr   .          Rampage  .   (no gloves)
Will    .....                   (no boots)
Stlth   +.........              (no amulet)
HPRegen 0.06/turn               (no ring)
MPRegen 0.10/turn               (no ring)

@: glowing
A: sense surroundings 1, otherworldly, glowing, explore regen, dopey 1,
MP-powered wands
a: no special abilities


You were on level 2 of the Dungeon.
You visited 1 branch of the dungeon, and saw 2 of its levels.

You collected 16 gold pieces.

Inventory:

Armour
 a - a +0 robe (worn)
 c - a +1 cloak (worn)
Potions
 b - a potion of magic


   Skills:
 + Level 2.7 Dodging
 + Level 1.6 Stealth
 + Level 2.9 Spellcasting
 + Level 1.6 Transmutations
 + Level 3.8 Earth Magic


You had 5 spell levels left.
You knew the following spells:

 Your Spells              Type           Power      Damage    Failure   Level
a - Sandblast             Erth           24%        2d8       4%          1

Your spell library contained the following spells:

 Spells                   Type           Power      Damage    Failure   Level
 Passwall                 Tmut/Erth      7%         N/A       11%         2
 Stone Arrow              Conj/Erth      14%        3d7       28%         3
 Petrify                  Tmut/Erth      9%         N/A       56%         4


Dungeon Overview and Level Annotations

Branches:
Dungeon (2/15) Zot: 1039

Altars:

Annotations:
D:2 Terence


Innate Abilities, Weirdness & Mutations

You passively map a small area around you.
You are easily found by Zot.
You glow in the dark.
You regain HP and MP as you explore.
You are dopey. (Int -2)
You expend magic power (3 MP) to strengthen your wands.


Message History

Confirm with . or Enter, or press ? or * to list all spells.
Aiming: Sandblast (safe; 3% risk of failure)
Press: ? - help, Shift-Dir - straight line, f - ball python
Aim: a ball python (80% to hit)
The blast of sand hits the ball python!
You kill the ball python!
You now have 5/6 mp.
Casting: Sandblast (safe; 3% risk of failure)
Confirm with . or Enter, or press ? or * to list all spells.
Aiming: Sandblast (safe; 3% risk of failure)
Press: ? - help, Shift-Dir - straight line, f - Terence
Aim: Terence, wielding a +0 hand axe and wearing a +3 scale mail of fire resistance (84% to hit)
The blast of sand hits Terence but does no damage.
Terence hits you with a +0 hand axe!
You take 7 damage, and have 12/20 hp.
MASSIVE DAMAGE!!
You now have 4/6 mp.
It was a potion of mutation.
You feel extremely strange.
You feel stupid.
You feel your magical essence link to the dungeon's wands.
Terence hits you with a +0 hand axe.
You take 4 damage, and have 8/20 hp.
There's nothing to close nearby.
As you read the scroll labelled TEOCESHRILY, it crumbles to dust.
It is a scroll of enchant armour.
Your +0 cloak glows green for a moment.
Terence hits you with a +0 hand axe.
* * * LOW HITPOINT WARNING * * *
You take 4 damage, and have 4/20 hp.
As you read the scroll labelled AXAMUGR SEXU, it crumbles to dust.
It is a scroll of enchant weapon.
You aren't carrying any weapons that can be enchanted.
Terence barely misses you.
Casting: Sandblast (safe; 4% risk of failure)
Confirm with . or Enter, or press ? or * to list all spells.
Aiming: Sandblast (safe; 4% risk of failure)
Press: ? - help, Shift-Dir - straight line, f/p - Terence
Aim: Terence, wielding a +0 hand axe and wearing a +3 scale mail of fire resistance (84% to hit)
The blast of sand hits Terence but does no damage.
Terence hits you with a +0 hand axe.
You die...

............[..###** * ,
#.....................#
#.....................#,
,
...........#..........+
* *
#......)...#..........#
...###...###.......... ,
....................,
............####..# *
.####..#....# #@# * , ,
.# ##.#..g.####@# , , *
.# #..........g# ,, ..
......##......+ * *
...........#.....# * ,
.........#.>.$......# ,,
................###
...........####.# *,
,........... ... , *


You could see Terence and a hobgoblin.

Vanquished Creatures
  A bat (D:2)
  2 hobgoblins
  3 jackals (D:2)
  A quokka (D:2)
  2 ball pythons (D:2)
  A kobold (D:2)
  3 rats
13 creatures vanquished.

Notes
Turn   | Place    | Note
-------+----------+-------------------------------------------
     0 | D:1      | Ofeo the Meteoran Earth Elementalist began the quest for
                  | the Orb.
     0 | D:1      | Reached XP level 1. HP: 14/14 MP: 5/5
    68 | D:2      | Reached XP level 2. HP: 19/20 MP: 3/6
   118 | D:2      | Noticed Terence
   147 | D:2      | Gained mutation: You are dopey. (Int -2) [potion of
                  | mutation]
   147 | D:2      | Gained mutation: You expend magic power (3 MP) to
                  | strengthen your wands. [potion of mutation]
   150 | D:2      | Slain by Terence

Illustrated notes

Levels and vault maps discovered:
D:1:      dpeg_arrival_rooms_with_view, layout_basic,
          shapermc_ecumenical_altar_petra
D:2:      layout_basic, uniq_terence

Action                   || total
-------------------------++-------
 Cast: Sandblast         ||    20
  Use: Scroll            ||     2
       Potion            ||     1
Armor: Robe              ||     4
Dodge: Dodged            ||     7
